 Dungeon Crawl Stone Soup version 0.30.1-11-g7821555f0a (webtiles) character file.

Game seed: 7213932316628739933

7423 lonewolfV2 the Nimble (level 10, -3/93 HPs)
             Began as a Minotaur Fighter on Nov 10, 2023.
             Slain by a troll (9 damage)
             ... on level 10 of the Dungeon.
             The game lasted 00:12:58 (8402 turns).

lonewolfV2 the Nimble (Minotaur Fighter)            Turns: 8402, Time: 00:12:58

Health: -3/93      AC:  9    Str: 22    XL:     10   Next: 93%
Magic:  9/9        EV: 14    Int:  5    God:
Gold:   561        SH:  6    Dex: 19    Spells: 9/9 levels left

rFire   + + .        o - +1 long sword of Ragnarok {elec, *Rage rN+ rCorr}
rCold   + . .        c - +1 buckler
rNeg    + . .        n - +1 chain mail {rC+}
rPois   +            (helmet restricted)
rElec   .            (no cloak)
rCorr   +            (no gloves)
SInv    +            b - +0 pair of boots of Twilight {rCorr}
Will    .....        t - amulet "Pifadole" {*Corrode rF++ Regen+ SInv} Stlth
                     r - ring of poison resistance
HPRegen 1.15/turn    x - +6 ring of dexterity
MPRegen 0.11/turn

%: random rage (20%), corrode self (3%)
@: corroded, on berserk cooldown, slowed, very slow
A: horns 2, retaliatory headbutt
a: no special abilities


You were on level 10 of the Dungeon.
You visited 1 branch of the dungeon, and saw 10 of its levels.

You collected 561 gold pieces.

Inventory:

Hand Weapons
 a - a +0 war axe
 o - the +1 long sword of Ragnarok (weapon) {elec, *Rage rN+ rCorr}
   (You found it on level 4 of the Dungeon)

   rN:        It protects you from negative energy.
   *Rage:     It berserks you when you make melee attacks (+20% chance).
   rCorr:     It protects you from acid and corrosion.
Missiles
 A - a throwing net (quivered)
Armour
 b - the +0 pair of boots of Twilight (worn) {rCorr}
   (You acquired it on level 4 of the Dungeon)

   rCorr:     It protects you from acid and corrosion.
 c - a +1 buckler (worn)
 n - a +1 chain mail of cold resistance (worn)
Jewellery
 f - an amulet of the acrobat
 r - a ring of poison resistance (left hand)
 s - a ring of protection from cold
 t - the amulet "Pifadole" (around neck) {*Corrode rF++ Regen+ SInv}
   (You acquired it on level 6 of the Dungeon)

   [amulet of regeneration]

   rF:        It greatly protects you from fire.
   SInv:      It lets you see invisible.
   Regen:     It increases your rate of health regeneration.
   *Corrode:  It may corrode you when you take damage.
 x - a +6 ring of dexterity (right hand)
 B - a ring of positive energy
 D - a ring of ice
 H - a ring of flight
Wands
 g - a wand of flame (27)
 y - a wand of iceblast (15)
 z - a wand of paralysis (18)
 E - a wand of quicksilver (12)
 F - a wand of mindburst (7)
Scrolls
 h - 2 scrolls of enchant armour
 i - 2 scrolls of fear
 p - 3 scrolls of teleportation
 v - a scroll of silence
 C - 2 scrolls of blinking
 G - a scroll of magic mapping
Potions
 d - 2 potions of might
 e - 8 potions of curing
 j - 3 potions of brilliance
 k - 3 potions of flight
 l - a potion of attraction
 m - 2 potions of lignification
 q - 3 potions of heal wounds
 u - a potion of haste {unknown}
 w - a potion of degeneration {unknown}


   Skills:
 - Level 10.2 Fighting
 - Level 10.2 Long Blades
 - Level 2.4 Axes
 * Level 8.8 Armour
 - Level 11.1 Dodging
 - Level 3.6 Shields


You had 9 spell levels left.
You didn't know any spells.
Your spell library contained the following spells:

 Spells                   Type           Power      Damage    Failure   Level
 Kiss of Death            Conj/Necr      0%         2d5       97%         1
 Sting                    Tmut/Pois      0%         1d3       97%         1
 Summon Small Mammal      Summ           0%         N/A       97%         1
 Poisonous Vapours        Pois/Air       0%         N/A       99%         2
 Scorch                   Fire           0%         2d5       99%         2
 Call Canine Familiar     Summ           0%         N/A       100%        3
 Confusing Touch          Hex            0%         N/A       100%        3
 Gell's Gravitas          Tloc           0%         N/A       100%        3
 Portal Projectile        Hex/Tloc       0%         N/A       100%        3
 Summon Guardian Golem    Hex/Summ       0%         N/A       100%        3
 Teleport Other           Tloc           0%         N/A       100%        3
 Dispel Undead            Necr           0%         3d6       100%        4
 Flame Wave               Conj/Fire      0%         2d4       100%        4
 Leda's Liquefaction      Hex/Erth       0%         N/A       100%        4
 Olgreb's Toxic Radiance  Pois           0%         N/A       100%        4
 Dispersal                Tloc           0%         N/A       100%        6
 Summon Cactus Giant      Summ           0%         N/A       100%        6
 Malign Gateway           Summ/Tloc      0%         N/A       100%        7
 Summon Horrible Things   Summ           0%         N/A       100%        8


Dungeon Overview and Level Annotations

Branches:
Dungeon (10/15)            Temple (0/1) D:4            Lair (0/5) D:10
    Orc: D:9-12

Altars:
Ashenzari
Cheibriados
Elyvilon
Fedhas
Hepliaklqana
Kikubaaqudgha
Okawaru
Ru
Sif Muna
Uskayaw
Yredelemnul
Zin
The Shining One

Shops:
D:4 *(   D:7 *   D:9 :

Annotations:
D:7 1 runed translucent door, lonewolfV2's ghost, novice MiFi
D:10 exclusion: oklob plant


Innate Abilities, Weirdness & Mutations

You have a pair of horns on your head.
You reflexively headbutt those who attack you in melee.


Message History

The acid dragon claws you but does no damage.
The slime creature hits you but does no damage.
You block the orc wizard's attack. The centaur misses you.
The centaur barely misses you. The howler monkey closely misses you.
The orc wizard casts a spell at you.
You easily resist.
The slime creature hits you.
You hit the cyan ugly thing.
The cyan ugly thing is lightly wounded.
You block the centaur's attack.
The centaur kicks you but does no damage.
The howler monkey hits you. The centaur hits you.
The centaur barely misses you. The slime creature hits you!
* * * LOW HITPOINT WARNING * * *
The orc wizard hits you but does no damage.
The cyan ugly thing barely misses you. You furiously retaliate!
You headbutt the cyan ugly thing! The howler monkey barely misses you.
You completely miss the cyan ugly thing.
The cyan ugly thing is lightly wounded.
You block the centaur's attack. x2
A kobold demonologist comes into view. It is wielding a +0 dagger.
The slime creature closely misses you. The orc wizard closely misses you.
The howler monkey hoots and howls with incredible vigour!
You block the cyan ugly thing's attack. The centaur barely misses you.
The centaur closely misses you.
You hear an angry buzzing noise. x2; You hear a shout!
You hit the cyan ugly thing.
The cyan ugly thing is moderately wounded.
The centaur closely misses you. You furiously retaliate!
You headbutt the centaur! The centaur completely misses you.
The howler monkey completely misses you.
You furiously retaliate!
You headbutt the howler monkey!
You kill the howler monkey!
You block the slime creature's attack.
The orc wizard hits you but does no damage.
The cyan ugly thing stings you!
* * * LOW HITPOINT WARNING * * *
The cyan ugly thing shocks you!
* * * LOW HITPOINT WARNING * * *
The centaur barely misses you. The centaur misses you. The troll bites you!
You die...

.. +. ....# ..#. ..#
........T... P...
#K#.#...#...
>P..≈########.#..#...#..
PPP..#+..# ......[#..$#
P.##.##..# ....#...# .
..#..##..######)#D..#...
≈...#.#..##...[oTJh.....
##........'....c@u#...#.
..........#......#...#..
...)......#.....#...#...
#.........#...(..#...# .
###########.......#...#
....# ....##.........
....# ....#...#......
....# #....#...# ..
....#####....##+#


You could see a cyan ugly thing, a slime creature, a kobold demonologist, a
troll, an acid dragon, a centaur, a howler monkey and an orc wizard (invisible).

Vanquished Creatures
  A tengu warrior (D:10)
  Pikel (D:7)
  A deep elf pyromancer (D:10)
  An ugly thing (D:9)
  Joseph (D:8)
  A kobold demonologist (D:9)
  A troll (D:9)
  Grinder (D:5)
  Prince Ribbit (D:8)
  A wyvern (D:9)
  A shadow (D:10)
  A yak (D:10)
  Grum (D:8)
  Eustachio (D:4)
  4 steam dragons
  A water moccasin (D:7)
  3 ice beasts
  2 sky beasts (D:8)
  3 wolves (D:8)
  2 centaurs
  3 lemures (D:7)
  3 phantoms (D:5)
  2 gnoll sergeants
  3 kobold brigands
  6 bullfrogs
  A scorpion (D:5)
  A howler monkey (D:10)
  3 centaur zombies (D:5)
  4 bullfrog zombies (D:5)
  A bullfrog skeleton (D:5)
  2 hounds (D:4)
  2 orc priests
  Crazy Yiuf (D:4)
  2 jellies
  A sleepcap (D:5)
  A centaur skeleton (D:5)
  3 iguanas
  2 gnoll boudas (D:7)
  A scorpion zombie (D:5)
  Natasha (thrice) (D:4)
  3 orc wizards
  2 killer bee zombies (D:5)
  A hound zombie (D:5)
  5 hound skeletons (D:5)
  19 gnolls
  10 adders
  A white imp (D:7)
  2 worms
  An adder skeleton (D:5)
  16 orcs
  5 ball pythons
  2 endoplasms
  A giant cockroach (D:3)
  5 goblins
  4 hobgoblins
  5 jackals
  14 kobolds
  8 quokkas
  6 bats
  5 frilled lizards
  7 rats
196 creatures vanquished.

Notes
Turn   | Place    | Note
-------+----------+-------------------------------------------
     0 | D:1      | lonewolfV2 the Minotaur Fighter began the quest for the
                  | Orb.
     0 | D:1      | Reached XP level 1. HP: 19/19 MP: 0/0
   171 | D:1      | Reached XP level 2. HP: 15/28 MP: 1/1
   617 | D:1      | Reached skill level 5 in Fighting
  1052 | D:2      | Reached XP level 3. HP: 23/36 MP: 2/2
  1467 | D:2      | Reached XP level 4. HP: 42/44 MP: 3/3
  2096 | D:3      | Noticed an ice beast
  2109 | D:3      | Killed an ice beast
  2110 | D:3      | Reached XP level 5. HP: 43/53 MP: 4/4
  2356 | D:3      | Found a hazy altar of Hepliaklqana.
  2644 | D:4      | Reached XP level 6. HP: 55/61 MP: 5/5
  2668 | D:4      | Found Afaisch Zyer's General Store.
  2908 | D:4      | Found Menooqal's Weapon Shop.
  2938 | D:4      | Noticed Natasha
  2941 | D:4      | Killed Natasha
  2957 | D:4      | Noticed Eustachio
  2979 | D:4      | Killed Eustachio
  3008 | D:4      | Noticed Natasha
  3015 | D:4      | Killed Natasha
  3016 | D:4      | Reached XP level 7. HP: 55/70 MP: 6/6
  3071 | D:4      | Found a runed translucent door.
  3072 | D:4      | Noticed Crazy Yiuf
  3100 | D:4      | Noticed a steam dragon
  3106 | D:4      | Killed a steam dragon
  3107 | D:4      | Reached skill level 10 in Fighting
  3203 | D:4      | Identified the +1 long sword of Ragnarok {elec, *Rage rN+
                  | rCorr}
  3253 | D:4      | Found a staircase to the Ecumenical Temple.
  3316 | D:4      | Found an ancient bone altar of Kikubaaqudgha.
  3392 | D:4      | Noticed Natasha
  3397 | D:4      | Killed Natasha
  3398 | D:4      | Reached skill level 1 in Dodging
  3429 | D:4      | Killed Crazy Yiuf
  3812 | D:4      | Identified a scroll of acquirement
  3812 | D:4      | Acquired the +0 pair of boots of Twilight {rCorr}
  3836 | D:5      | Entered Level 5 of the Dungeon
  3839 | D:5      | Reached skill level 2 in Dodging
  3849 | D:5      | Reached skill level 3 in Dodging
  4118 | D:5      | Reached skill level 4 in Dodging
  4216 | D:5      | Reached XP level 8. HP: 79/79 MP: 7/7
  4314 | D:5      | Reached skill level 5 in Dodging
  4368 | D:5      | Reached skill level 6 in Dodging
  4393 | D:5      | Reached skill level 7 in Dodging
  4482 | D:5      | Noticed Grinder
  4489 | D:5      | Killed Grinder
  4496 | D:5      | Reached skill level 8 in Dodging
  4816 | D:5      | Found a glowing silver altar of Zin.
  4816 | D:5      | Noticed an angel
  4897 | D:6      | Reached skill level 9 in Dodging
  4898 | D:6      | HP: 3/79 [orc priest/divine providence (11)]
  4959 | D:6      | HP: 5/118 [steam dragon] (15)]
  4962 | D:6      | Reached XP level 9. HP: 7/85 MP: 8/8
  5520 | D:6      | Acquired the amulet "Pifadole" {*Corrode rF++ Regen+ SInv}
  5770 | D:7      | Noticed Pikel
  5784 | D:7      | Killed Pikel
  5785 | D:7      | Reached skill level 10 in Dodging
  5787 | D:7      | Reached skill level 11 in Dodging
  5874 | D:7      | Found a runed translucent door.
  5874 | D:7      | Noticed lonewolfV2's ghost (novice MiFi)
  6161 | D:7      | Found Gyvahic's General Store.
  6414 | D:7      | Reached skill level 5 in Long Blades
  6788 | D:8      | Found a broken altar of Ashenzari.
  6800 | D:8      | Noticed Joseph
  6816 | D:8      | Killed Joseph
  6911 | D:8      | Found a basalt altar of Yredelemnul.
  6911 | D:8      | Found a shimmering blue altar of Sif Muna.
  6932 | D:8      | Reached XP level 10. HP: 80/93 MP: 9/9
  6984 | D:8      | Found a hide-covered altar of Uskayaw.
  6987 | D:8      | Found a sacrificial altar of Ru.
  6989 | D:8      | Found an iron altar of Okawaru.
  6989 | D:8      | Found a blossoming altar of Fedhas.
  6990 | D:8      | Found a glowing golden altar of the Shining One.
  6995 | D:8      | Found a white marble altar of Elyvilon.
  7000 | D:8      | Found a snail-covered altar of Cheibriados.
  7135 | D:8      | Noticed Prince Ribbit
  7142 | D:8      | Killed Prince Ribbit
  7169 | D:8      | Noticed Grum
  7183 | D:8      | Killed Grum
  7597 | D:9      | Noticed a green ugly thing
  7604 | D:9      | Killed a green ugly thing
  7605 | D:9      | Reached skill level 10 in Long Blades
  7770 | D:9      | Found Juawaclu's Self-Improvement Boutique.
  7856 | D:9      | Reached skill level 5 in Armour
  8255 | D:10     | Entered Level 10 of the Dungeon
  8346 | D:10     | Noticed an oklob plant
  8350 | D:10     | Found a staircase to the Lair.
  8371 | D:10     | Noticed a deep elf pyromancer
  8372 | D:10     | Noticed a tengu warrior
  8382 | D:10     | Killed a tengu warrior
  8387 | D:10     | Killed a deep elf pyromancer
  8392 | D:10     | Noticed a cyan ugly thing
  8402 | D:10     | Slain by a troll

Illustrated notes

Levels and vault maps discovered:
D:1:      lightli_iron_boxes, layout_basic, serial_glass, glass_columns_c,
          glass_columns_a
D:2:      layout_basic
D:3:      layout_loops_ring, mainiacjoe_overflow_24_doors,
          kennysheep_generic_room_11
D:4:      layout_basic, lemuel_crystal_altar, minmay_temple_entry_offerings,
          serial_shops, nicolae_shop_bloodbath_and_beyond,
          nicolae_shop_statue_plus, uniq_natasha, uniq_crazy_yiuf_cottage,
          uniq_eustachio
D:5:      layout_loops_ring, zin_angel, serial_undead, serial_undead_a,
          serial_undead_e, serial_undead_c, serial_undead_d, serial_undead_b,
          serial_undead_f, uniq_grinder
D:6:      layout_rooms
D:7:      layout_basic, gammafunk_ghost_grave, serial_shops, shop,
          grunt_ministairs_15, uniq_pikel
D:8:      layout_basic, cheibrodos_ashenzari_chains,
          nicolae_overflow_hallway_of_the_gods, uniq_joseph, uniq_grum,
          uniq_prince_ribbit1
D:9:      layout_rooms, hangedman_abyss_or_decor_slice, nicolae_shop_self_help
D:10:     cheibrodos_fzero, layout_gridville, nicolae_qazlal_scattered_showers,
          dpeg_oklobed_lair

Skill      XL: |  1  2  3  4  5  6  7  8  9 10 |
---------------+-------------------------------+-----
Fighting       | 4 5 7 8 9 10 | 10.2
Dodging        | 4 9 11 | 11.1
Long Blades    | 7 10 | 10.2
Armour         | 8 |  8.8
Axes           | |  2.4
Shields        | |  3.6

Action                     |  1- 3 |  4- 6 |  7- 9 | 10-12 || total
---------------------------+-------+-------+-------+-------++-------
  Melee: War axe           |    92 |    87 |    26 |       ||   205
         Headbutt          |    10 |    17 |    43 |    24 ||    94
         Long sword        |       |       |   212 |   108 ||   320
  Evoke: Wand              |       |       |     2 |       ||     2
    Use: Scroll            |     5 |     6 |     7 |     2 ||    20
         Potion            |       |       |     1 |       ||     1
 Armour: Scale mail        |    47 |    18 |       |       ||    65
         Chain mail        |       |    22 |   166 |    61 ||   249
  Dodge: Dodged            |    51 |    47 |   213 |   124 ||   435
  Block: Buckler           |    18 |    25 |   119 |    55 ||   217
